 Dungeon Sprint DCSS version 0.28.0-43-g3370ac3207 (webtiles) character file.

Game seed: 10415795147986985362

2489 rocky1 the Zephyrmancer (level 9, -8/55 HPs)
             Began as a Tengu Air Elementalist on Mar 11, 2022.
             Was a High Priest of Sif Muna.
             Killed by divine providence
             ... invoked by an orc priest
              (17 damage)
             ... in the Dungeon (Sprint VII: "The Pits").
             The game lasted 00:12:20 (2570 turns).

rocky1 the Zephyrmancer (Tengu Air Elementalist)    Turns: 2570, Time: 00:12:20

Health: -8/55      AC:  3    Str:  8    XL:     9   Next: 52%
Magic:  17/21      EV: 14    Int: 20    God:    Sif Muna [*****.]
Gold:   0          SH:  0    Dex: 21    Spells: 12/23 levels left

rFire   . . .      SeeInvis .   l - +0 mace (protect)
rCold   . . .      Faith    .   (no shield)
rNeg    . . .      Spirit   .   d - +0 leather armour
rPois   .          Reflect  .   (helmet restricted)
rElec   .          Harm     .   (no cloak)
rCorr   .          Rampage  .   (no gloves)
Will    .....      NoTele   +   (boots unavailable)
Stlth   ++........              (no amulet)
HPRegen 0.18/turn               n - +3 ring of dexterity
MPRegen 0.17/turn               o - +3 ring of dexterity

@: channelling, flying quickly and evasively, quick
A: beak, talons 3, nimble flight
a: Renounce Religion, Channel Magic, Forget Spell, Divine Exegesis


You were in the Dungeon.
You worshipped Sif Muna.
Sif Muna was extremely pleased with you.
You visited 1 branch

Inventory:

Hand Weapons
 l - a +0 mace of protection (weapon)
Armour
 d - a +0 leather armour (worn)
 k - a +1 ring mail of fire resistance
Jewellery
 n - a +3 ring of dexterity (left hand)
 o - a +3 ring of dexterity (right hand)
Wands
 c - a wand of iceblast (9)
Scrolls
 i - 5 scrolls of amnesia
 j - a scroll of summoning
Potions
 b - 8 potions of curing
 e - 4 potions of magic
 f - a potion of berserk rage
 h - 2 potions of invisibility
 m - 8 potions of heal wounds
 p - a potion of resistance
 q - a potion of might
 r - a potion of haste
 s - 2 potions of brilliance


   Skills:
 + Level 6.1 Fighting
 - Level 2.1 Dodging
 - Level 2.0 Stealth
 + Level 7.5 Spellcasting
 + Level 14.5 Conjurations
 + Level 14.9 Air Magic
 + Level 7.3 Poison Magic
 + Level 6.7 Invocations


You had 12 spell levels left.
You knew the following spells:

 Your Spells              Type           Power      Damage    Failure   Level
a - Shock                 Conj/Air       100%       1d9       1%          1
b - Static Discharge      Conj/Air       60%        N/A       1%          2
c - Olgreb's Toxic Radia  Pois           37%        N/A       6%          4
d - Airstrike             Air            30%        N/A       1%          4

Your spell library contained the following spells:

 Spells                   Type           Power      Damage    Failure   Level
 Poisonous Vapours        Pois/Air       100%       N/A       1%          2
 Swiftness                Air            61%        N/A       1%          3
 Sting                    Tmut/Pois      88%        1d7       3%          1
 Iron Shot                Conj/Erth      18%        9d4       71%         6
 Animate Armour           Summ/Erth      14%        N/A       78%         4
 Blade Hands              Tmut           3%         N/A       98%         5


Dungeon Overview and Level Annotations

Branches:
Dungeon (1/1)

Altars:
Ashenzari
Cheibriados
Dithmenos
Elyvilon
Fedhas
Gozag
Hepliaklqana
Kikubaaqudgha
Makhleb
Nemelex Xobeh
Okawaru
Qazlal
Ru
Sif Muna
Trog
Uskayaw
Vehumet
Wu Jian
Xom
Yredelemnul
Zin
The Shining One
Beogh
Jiyva
Lugonu


Innate Abilities, Weirdness & Mutations

You have a beak for a mouth.
You have claws for feet.
Your magical nature lets you fly swiftly and evasively.


Message History

Confirm with . or Enter, or press ? or * to list all spells.
The phantasmal warrior is struck by an arc of lightning!
The phantasmal warrior is lightly damaged.
You are struck by an arc of lightning.
The phantasmal warrior is struck by an arc of lightning!
The phantasmal warrior is moderately damaged.
The lightning grounds out.
The orc warrior is struck by an arc of lightning!
The orc warrior is almost dead.
You are struck by an arc of lightning.
The orc warrior is struck by an arc of lightning.
The orc warrior is almost dead.
The phantasmal warrior is struck by an arc of lightning.
The phantasmal warrior is heavily damaged.
The lightning grounds out.
The orc warrior looks as sick as possible!
The death yak looks as sick as possible!
You kill the orc warrior!
Sif Muna accepts your kill.
The phantasmal warrior closely misses you.
The orc priest miscasts a cantrip.
Your Fighting skill increases to level 6!
Unknown command.
Casting: Static Discharge (safe; 1% risk of failure)
Confirm with . or Enter, or press ? or * to list all spells.
The phantasmal warrior is struck by an arc of lightning!
The phantasmal warrior is severely damaged.
The death yak is struck by an arc of lightning!
The death yak is moderately wounded.
The phantasmal warrior is struck by an arc of lightning.
The phantasmal warrior is almost destroyed.
The lightning grounds out.
The death yak looks as sick as possible!
Your toxic aura wanes.
The phantasmal warrior hits you!!!
Ouch! That really hurt!
* * * LOW HITPOINT WARNING * * *
The orc priest calls down the wrath of Beogh upon you.
Beogh smites you!
You die...

####'#####+#####++######
.....##.......##++######
...†.##.......##......'.
##)####.......##......'.
.....##...<...##.....##
...†.##.......##...### .
.....##.......##.)## ...
#######.......##')#...#.
..#..###########@WY.....
..#÷############++#.o.#.
..#)#....#..[[# #..).
..#)#....#..[[# ##..
..#.'....'..))# .
..#'#....#..))#
..'.#....#..))#
###############


You could see a death yak (extremely poisoned), a phantasmal warrior and an orc
priest (very poisoned).

Vanquished Creatures
  2 two-headed ogres (D)
  An elephant (D)
  A black mamba (D)
  A steam dragon (D)
  A redback (D)
  2 orc warriors (D)
  A quasit (D)
  An orc priest (D)
  An iguana (D)
  Ijyb (D)
  2 orc wizards (D)
  An adder (D)
  7 orcs (D)
  A bat skeleton (D)
  A bat zombie (D)
  2 endoplasms (D)
  A giant cockroach (D)
  2 hobgoblins (D)
  4 jackals (D)
  A bat (D)
  A frilled lizard (D)
  A quokka skeleton (D)
  A rat (D)
37 creatures vanquished.

Notes
Turn   | Place    | Note
-------+----------+-------------------------------------------
     0 | D        | rocky1 the Tengu Air Elementalist began the quest for the
                  | Orb.
     0 | D        | Reached XP level 1. HP: 10/10 MP: 4/4
    19 | D        | Found a bloodstained altar of Trog.
    19 | D        | Found a shimmering blue altar of Sif Muna.
    19 | D        | Found a viscous altar of Jiyva.
    19 | D        | Found a hazy altar of Hepliaklqana.
    19 | D        | Found an opulent altar of Gozag.
    20 | D        | Found a glowing golden altar of the Shining One.
    20 | D        | Found a glowing silver altar of Zin.
    20 | D        | Found a basalt altar of Yredelemnul.
    20 | D        | Found a shimmering altar of Xom.
    20 | D        | Found an ornate altar of the Wu Jian Council.
    20 | D        | Found a sacrificial altar of Ru.
    20 | D        | Found a stormy altar of Qazlal.
    20 | D        | Found an iron altar of Okawaru.
    20 | D        | Found a sparkling altar of Nemelex Xobeh.
    20 | D        | Found a burning altar of Makhleb.
    20 | D        | Found a blossoming altar of Fedhas.
    20 | D        | Found a white marble altar of Elyvilon.
    20 | D        | Found a shadowy altar of Dithmenos.
    20 | D        | Found a snail-covered altar of Cheibriados.
    23 | D        | Found a corrupted altar of Lugonu.
    23 | D        | Found a radiant altar of Vehumet.
    24 | D        | Found an ancient bone altar of Kikubaaqudgha.
    24 | D        | Found a hide-covered altar of Uskayaw.
    24 | D        | Found a broken altar of Ashenzari.
    25 | D        | Became a worshipper of Sif Muna the Loreminder
   306 | D        | Reached * piety under Sif Muna
   307 | D        | Reached skill level 5 in Air Magic
   307 | D        | Reached XP level 2. HP: 13/15 MP: 1/6
   359 | D        | Reached ** piety under Sif Muna
   360 | D        | Noticed Ijyb
   369 | D        | Killed Ijyb
   370 | D        | Reached XP level 3. HP: 19/19 MP: 1/7
   480 | D        | Learned a level 2 spell: Static Discharge
   489 | D        | Reached *** piety under Sif Muna
   507 | D        | Reached XP level 4. HP: 2/24 MP: 1/8
   694 | D        | Reached **** piety under Sif Muna
   695 | D        | Gained mutation: Your magical nature lets you fly swiftly
                  | and evasively. [Tengu growth]
   695 | D        | Reached XP level 5. HP: 11/28 MP: 2/9
   930 | D        | Noticed an orc warrior
   936 | D        | Killed an orc warrior
   936 | D        | Reached ***** piety under Sif Muna
   936 | D        | Received a gift from Sif Muna
   937 | D        | Reached skill level 10 in Conjurations
   937 | D        | Reached XP level 6. HP: 32/32 MP: 3/10
   943 | D        | Learned a level 4 spell: Olgreb's Toxic Radiance
  1003 | D        | Reached skill level 1 in Poison Magic
  1064 | D        | Noticed a black mamba
  1074 | D        | Killed a black mamba
  1075 | D        | Reached XP level 7. HP: 8/36 MP: 11/14
  1417 | D        | Noticed a two-headed ogre
  1417 | D        | Noticed an elephant
  1445 | D        | Received a gift from Sif Muna
  1454 | D        | Killed a two-headed ogre
  1455 | D        | Reached skill level 5 in Poison Magic
  1455 | D        | Reached skill level 5 in Invocations
  1455 | D        | Reached XP level 8. HP: 39/48 MP: 2/18
  1461 | D        | Killed an elephant
  1836 | D        | Learned a level 4 spell: Airstrike
  1989 | D        | Reached XP level 9. HP: 53/53 MP: 6/20
  2148 | D        | HP: 2/53 [something (1)]
  2470 | D        | Reached skill level 5 in Fighting
  2486 | D        | Noticed a two-headed ogre
  2493 | D        | Killed a two-headed ogre
  2565 | D        | Noticed a death yak
  2566 | D        | Received a gift from Sif Muna
  2566 | D        | Noticed a phantasmal warrior
  2570 | D        | Killed from afar by an orc priest

Illustrated notes

Levels and vault maps discovered:
D:        pitsprint [storerooms_1, entrance_room_1, metal_vault_4, armoury_3,
          mini_pit_1, grid_room_1, main_hall_1, silver_pit, the_coven_1,
          the_vestibule_1, steel_vault_4, golden_pit, hallway_of_sentries,
          crystal_vault_3, iron_vault_2, final_vault]

Skill      XL: |  1  2  3  4  5  6  7  8  9 |
---------------+----------------------------+-----
Conjurations   | 4 6 7 8 10 12 13 14 | 14.5
Air Magic      | 5 7 8 9 11 12 13 14 | 14.9
Poison Magic   | 4 5 6 7 |  7.3
Spellcasting   | 4 6 7 |  7.5
Invocations    | 3 5 6 |  6.7
Fighting       | 3 4 6 |  6.1
Dodging        | |  2.1
Stealth        | |  2.0

Action                   |  1- 3 |  4- 6 |  7- 9 || total
-------------------------+-------+-------+-------++-------
Melee: Unarmed           |    10 |       |       ||    10
       Peck              |     3 |     1 |     1 ||     5
       Kick              |     2 |     3 |     1 ||     6
       Mace              |     5 |    10 |     4 ||    19
 Cast: Shock             |    20 |    23 |    22 ||    65
       Airstrike         |       |       |    12 ||    12
       Static Discharge  |       |       |     5 ||     5
       Olgreb's Toxic Ra |       |       |     3 ||     3
Invok: Channel Magic     |       |       |     3 ||     3
  Use: Potion            |     2 |     1 |     3 ||     6
       Scroll            |       |       |     1 ||     1
 Stab: Sleeping          |     1 |       |       ||     1
Armor: Robe              |    11 |     1 |     4 ||    16
Dodge: Dodged            |    19 |    11 |    12 ||    42
